 Dungeon Crawl Stone Soup version 0.29-a0-542-g075992c915 (webtiles) character file.

Game seed: 5739785492135816342

93 Buffagor the Slasher (level 4, 0/42 HPs)
             Began as a Naga Fighter on June 4, 2022.
             Slain by Grinder (2 damage)
             ... on level 3 of the Dungeon.
             The game lasted 00:04:53 (2644 turns).

Buffagor the Slasher (Naga Fighter)                 Turns: 2644, Time: 00:04:53

Health: 0/42       AC:  6    Str: 19    XL:     4   Next: 61%
Magic:  4/4        EV:  5    Int:  8    God:
Gold:   164        SH:  4    Dex: 12    Spells: 3/3 levels left

rFire   . . .      SeeInvis +   a - +0 long sword
rCold   . . .      Faith    .   c - +0 buckler
rNeg    . . .      Spirit   .   k - +0 chain mail
rPois   +          Reflect  .   (no helmet)
rElec   .          Harm     .   (no cloak)
rCorr   .          Rampage  .   (no gloves)
Will    .....                   (no barding)
Stlth   ..........              (no amulet)
HPRegen 0.14/turn               r - +4 ring of slaying
MPRegen 0.09/turn               (no ring)

@: very slow
A: AC +1, large, see invisible, deformed body, poison resistance, slowness 2,
spit poison 1, naga tail 1
a: Spit Poison


You were on level 3 of the Dungeon.
You visited 1 branch of the dungeon, and saw 3 of its levels.

You collected 164 gold pieces.

Inventory:

Hand Weapons
 a - a +0 long sword (weapon)
 b - a +0 hunting sling
Armour
 c - a +0 buckler (worn)
 k - a +0 chain mail (worn)
Jewellery
 r - a +4 ring of slaying (left hand)
 t - a +4 ring of protection
Scrolls
 f - 2 scrolls of vulnerability {unknown}
 h - a scroll of summoning {unknown}
 i - a scroll of amnesia {unknown}
 l - a scroll of noise {unknown}
 o - a scroll of brand weapon {unknown}
 p - a scroll of torment {unknown}
 q - a scroll of immolation {unknown}
 s - a scroll of identify {unknown}
 v - a scroll of fog {unknown}
Potions
 d - 3 potions of might
 e - 2 potions of ambrosia {unknown}
 g - a potion of curing {unknown}
 j - a potion of berserk rage {unknown}
 m - a potion of heal wounds {unknown}
 n - a potion of brilliance {unknown}
 u - a potion of magic {unknown}


   Skills:
 - Level 3.0 Fighting
 + Level 4.7 Long Blades
 - Level 2.4 Armour
 - Level 2.6 Shields


You had 3 spell levels left.
You didn't know any spells.
Your spell library contained the following spells:

 Spells                   Type           Power      Damage    Failure   Level
 Sublimation of Blood     Necr           0%         N/A       100%        2
 Wereblood                Tmut           0%         N/A       100%        2
 Summon Hydra             Summ           0%         N/A       100%        7


Dungeon Overview and Level Annotations

Branches:
Dungeon (3/15)

Altars:

Annotations:
D:3 Grinder


Innate Abilities, Weirdness & Mutations

Your serpentine skin is tough. (AC +1)
You have supernaturally acute eyesight. (SInv)
Armour fits poorly on your strangely shaped body.
Your system is resistant to poisons. (rPois)
You cover ground very slowly.
You can spit poison.
You have a snake-like lower body.


Message History

You shoot a sling bullet.
The sling bullet hits Grinder but does no damage.
You have got your breath back.
Aiming: Spit Poison (1% risk of failure)
Press: ? - help, Shift-Dir - straight line, f/p - Grinder
Aim: Grinder, carrying a wand of polymorph (8) (54% to hit)
The splash of poison hits Grinder.
Grinder is lightly wounded.
Grinder hits you but does no damage.
a - a +0 long sword (weapon)
You closely miss Grinder.
Grinder is lightly wounded.
Grinder hits you.
You writhe in agony.
You hit Grinder but do no damage.
Grinder is lightly wounded.
Grinder hits you.
You writhe in agony.
Grinder gestures at you. You resist with significant effort.
You closely miss Grinder.
Grinder is lightly wounded.
You block Grinder's attack.
You hit Grinder.
Grinder is lightly wounded.
You have got your breath back.
Grinder hits you.
You writhe in agony.
* * * LOW HITPOINT WARNING * * *
You closely miss Grinder.
Grinder is lightly wounded.
You block Grinder's attack.
You hit Grinder but do no damage.
Grinder is lightly wounded.
Grinder gestures at you. Pain shoots through your body!
* * * LOW HITPOINT WARNING * * *
You hit Grinder.
Grinder is moderately wounded.
Grinder hits you!
* * * LOW HITPOINT WARNING * * *
You writhe in agony.
You die...

###.######### #...#
#...#....# #.#
########...#
#...#..### ###.#
#......#...#
#...##.# ....#
#.####.#######...
#.## .#########.##
#.#......... #..###
'#####......#
#.#......### ##.#..
.......###..#
#.#......# ###...#
...#######..#
#.#5.....####......
...#........#
#.@.?.........##...
..........#.#
###......####......
..........+.#
......##.......[
..........###
.............#..
..........#
######.......#..
..........#
.......##.
..........# ##+####
#. ###.......# #.#
#. # #.......#####
#.# #.


You could see Grinder.

Vanquished Creatures
  Natasha (twice) (D:2)
  2 dart slugs
  3 worms
  2 endoplasms
  A giant cockroach (D:3)
  4 goblins
  5 hobgoblins
  3 ball pythons
  5 bats
  3 kobolds
  3 rats
33 creatures vanquished.

Notes
Turn   | Place    | Note
-------+----------+-------------------------------------------
     0 | D:1      | Buffagor the Naga Fighter began the quest for the Orb.
     0 | D:1      | Reached XP level 1. HP: 21/21 MP: 1/1
   456 | D:1      | Reached XP level 2. HP: 27/28 MP: 2/2
   706 | D:1      | Reached skill level 3 in Long Blades
   840 | D:1      | Found a faded altar of an unknown god.
  1239 | D:2      | Noticed Natasha
  1247 | D:2      | Killed Natasha
  1248 | D:2      | Reached XP level 3. HP: 21/34 MP: 3/3
  1393 | D:2      | Noticed Natasha
  1402 | D:2      | Killed Natasha
  1403 | D:2      | Reached skill level 4 in Long Blades
  1403 | D:2      | Reached XP level 4. HP: 13/42 MP: 4/4
  2630 | D:3      | Noticed Grinder
  2644 | D:3      | HP: 2/42 [Grinder (7)]
  2644 | D:3      | Slain by Grinder

Illustrated notes

Levels and vault maps discovered:
D:1:      enne_arrival_octagon_isle, layout_loops_corners,
          hellmonk_ecumenical_altar_inner_sanctum
D:2:      layout_loops_ring, uniq_natasha
D:3:      layout_basic, uniq_grinder, uniq_ijyb

Skill      XL: |  1  2  3 |
---------------+----------+-----
Long Blades    | 3 4 |  4.7
Fighting       | |  3.0
Armour         | |  2.4
Shields        | |  2.6

Action                   |  1- 3 |  4- 6 || total
-------------------------+-------+-------++-------
Melee: Long sword        |    42 |    16 ||    58
 Fire: Hunting sling     |     6 |    24 ||    30
 Abil: Spit Poison       |    10 |     9 ||    19
Armor: Scale mail        |    12 |       ||    12
       Chain mail        |    13 |     8 ||    21
Dodge: Dodged            |     7 |     1 ||     8
Block: Buckler           |     9 |     3 ||    12

Table legend: (Time is in decaauts)
 A = Elapsed time spent in this place.
 B = Non-inter-level travel time spent in this place.
 C = Inter-level travel time spent in this place.
 D = Time resting spent in this place.
 E = Time spent auto-exploring this place.
 F = Levels seen in this place.
 G = Mean time per level.
                   A        B        C        D        E       F      G
               +--------+--------+--------+--------+--------+-----+--------+
         Total |   3404 |   3328 |     76 |      0 |   3026 |   3 | 1134.7 |
       Dungeon |   3404 |   3328 |     76 |      0 |   3026 |   3 | 1134.7 |
               +--------+--------+--------+--------+--------+-----+--------+

Top non-repeatable levels by time:
     D:2: 1423 daAuts
     D:1: 1339 daAuts
     D:3: 641 daAuts
